 Dungeon Crawl Stone Soup version 0.28.0-47-ge53b351184 (webtiles) character file.

Game seed: 11712146354233267882

12 Icepheonix32 the Chiller (level 2, 0/19 HPs)
             Began as a Demonspawn Ice Elementalist on May 5, 2022.
             Killed from afar by a dart slug (2 damage)
             ... with a slug dart
             ... on level 1 of the Dungeon.
             The game lasted 00:00:57 (662 turns).

Icepheonix32 the Chiller (DsIE)                      Turns: 662, Time: 00:00:59

Health: 0/19       AC:  2    Str:  8    XL:     2   Next: 20%
Magic:  4/5        EV: 12    Int: 16    God:
Gold:   37         SH:  0    Dex: 13    Spells: 4/5 levels left

rFire   . . .      SeeInvis .   b - +0 club
rCold   . . .      Faith    .   (no shield)
rNeg    . . .      Spirit   .   a - +0 robe
rPois   .          Reflect  .   (no helmet)
rElec   .          Harm     .   (no cloak)
rCorr   .          Rampage  .   (no gloves)
Will    .....                   (no boots)
Stlth   ++........              c - amulet of magic regeneration
HPRegen 0.06/turn               (no ring)
MPRegen 0.49/turn               (no ring)

@: no status effects
A: spiny 1
a: no special abilities


You were on level 1 of the Dungeon.
You visited 1 branch of the dungeon, and saw 1 of its levels.

You collected 37 gold pieces.

Inventory:

Hand Weapons
 b - a +0 club (weapon)
Missiles
 d - 3 boomerangs
Armour
 a - a +0 robe (worn)
Jewellery
 c - an amulet of magic regeneration (around neck)


   Skills:
 - Level 1.7 Dodging
 - Level 1.7 Stealth
 - Level 2.0 Spellcasting
 + Level 4.1 Ice Magic


You had 4 spell levels left.
You knew the following spells:

 Your Spells              Type           Power      Damage    Failure   Level
a - Freeze                Ice            56%        1d7       3%          1

Your spell library contained the following spells:

 Spells                   Type           Power      Damage    Failure   Level
 Frozen Ramparts          Ice            28%        1d4       11%         3
 Ozocubu's Armour         Ice            14%        N/A       11%         3
 Hailstorm                Conj/Ice       8%         3d4       65%         4


Dungeon Overview and Level Annotations

Branches:
Dungeon (1/15)

Altars:


Innate Abilities, Weirdness & Mutations

You are partially covered in sharp spines.


Message History

There are monsters nearby!
There are monsters nearby!
You freeze the hobgoblin.
The hobgoblin is moderately wounded.
The hobgoblin hits you.
You miscast Freeze.
You are very lightly contaminated with residual magic.
Nothing appears to happen.
The hobgoblin is struck by your spines. The hobgoblin hits you.
You freeze the hobgoblin.
You kill the hobgoblin!
There is a stone staircase leading down here.
The dart slug launches a dart at you. The slug dart hits you.
The dart slug launches a dart at you. The slug dart hits you.
* * * LOW HITPOINT WARNING * * *
The dart slug launches a dart at you. The slug dart hits you.
* * * LOW HITPOINT WARNING * * *
Your magical contamination has completely faded away.
You aren't carrying any potions.
Casting: Freeze (safe; 3% risk of failure)
Confirm with . or Enter, or press ? or * to list all spells.
Aiming: Freeze (safe; 3% risk of failure)
Press: ? - help, Shift-Dir - straight line, f - dart slug
Aim: a dart slug You freeze the dart slug.
The dart slug is lightly wounded.
Unknown command.
Casting: Freeze (safe; 3% risk of failure)
Confirm with . or Enter, or press ? or * to list all spells.
Aiming: Freeze (safe; 3% risk of failure)
Press: ? - help, Shift-Dir - straight line, f/p - dart slug
Aim: a dart slug (lightly wounded)
You freeze the dart slug.
The dart slug is heavily wounded.
The dart slug launches a dart at you. The slug dart hits you.
You die...

###### ##.... ## #.... ..
#..# #.####.(#
##.w@....####### #..
#........†.>......# #..
###.#...#####.###.#.# #..
....#..#####.###.#.# #..
#............##....## #..
#...#..####..##.....###..
#...#..# #.......#......
#...#..## #..........##.#
####...#...#
#..............


You could see a dart slug.

Vanquished Creatures
  2 endoplasms (D:1)
  A giant cockroach (D:1)
  2 goblins (D:1)
  2 hobgoblins (D:1)
  A ball python (D:1)
  2 bats (D:1)
10 creatures vanquished.

Notes
Turn   | Place    | Note
-------+----------+-------------------------------------------
     0 | D:1      | Icepheonix32 the Demonspawn Ice Elementalist began the
                  | quest for the Orb.
     0 | D:1      | Reached XP level 1. HP: 13/13 MP: 3/3
   269 | D:1      | Reached skill level 4 in Ice Magic
   554 | D:1      | Gained mutation: You are partially covered in sharp spines.
                  | [demonic ancestry]
   554 | D:1      | Reached XP level 2. HP: 19/19 MP: 3/5
   662 | D:1      | Killed from afar by a dart slug

Illustrated notes

Levels and vault maps discovered:
D:1:      eino_arrival_water_star, layout_loops_ring

Skill      XL: |  1 |
---------------+----+-----
Ice Magic      | 4 |  4.1
Dodging        | |  1.7
Stealth        | |  1.7
Spellcasting   | |  2.0

Action                   || total
-------------------------++-------
Melee: Unarmed           ||    20
       Club              ||     6
 Cast: Freeze            ||    13
 Stab: Sleeping          ||     1
Armor: Robe              ||     8
Dodge: Dodged            ||    27
